 Dungeon Crawl Stone Soup version 0.31-a0-187-gba352fbbf7 (webtiles) character file.

Game seed: 17454667336585825375

70 qw the Shooter (level 4, -1/25 HPs)
             Began as a Deep Elf Hunter on June 22, 2023.
             Slain by Terence
             ... wielding a +0 flail
              (11 damage)
             ... on level 2 of the Dungeon.
             The game lasted 00:00:38 (1016 turns).

qw the Shooter (Deep Elf Hunter)                    Turns: 1016, Time: 00:00:38

Health: -1/25      AC:  7    Str: 10    XL:     4   Next: 3%
Magic:  6/6        EV: 11    Int: 14    God:
Gold:   24         SH:  0    Dex: 18    Spells: 3/3 levels left

rFire   . . .        Y - +0 shortbow
rCold   . . .        (shield currently unavailable)
rNeg    . . .        f - +0 ring mail
rPois   .            k - +0 helmet
rElec   .            (no cloak)
rCorr   .            (no gloves)
SInv    .            h - +0 pair of boots
Will    .....        (no amulet)
Stlth   +            (no ring)
HPRegen 0.24/turn    (no ring)
MPRegen 0.10/turn

%: no passive effects
@: no status effects
A: no striking features
a: no special abilities


You were on level 2 of the Dungeon.
You visited 1 branch of the dungeon, and saw 2 of its levels.

You collected 24 gold pieces.


   Skills:
 - Level 1.5 Fighting
 + Level 7.4 Ranged Weapons
 - Level 2.4 Dodging
 - Level 1.2 Stealth


You had 3 spell levels left.
You didn't know any spells.
Your spell library was empty.

Inventory:

Hand Weapons
 Y - a +0 shortbow (weapon)
Armour
 f - a +0 ring mail (worn)
 h - a +0 pair of boots (worn)
 k - a +0 helmet (worn)
Scrolls
 a - a scroll of identify
 l - a scroll of teleportation
Potions
 e - a potion of berserk rage {unknown}
 g - 2 potions of mutation {unknown}

Dungeon Overview and Level Annotations

Branches:
Dungeon (2/15)

Altars:

Annotations:
D:2 Terence


Message History

Enter note:
Enter note: A kobold comes into view. It is wielding a +0 dagger.
The kobold shouts!
Enter note:
Enter note: You shoot an arrow.
The arrow hits the kobold!
You kill the kobold!
A ball python comes into view.
Enter note:
Enter note: You shoot an arrow.
The arrow hits the ball python!
You kill the ball python!
Terence the Incautious comes into view.
He is wielding a +0 flail.
Terence shouts!
Enter note:
Enter note: You shoot an arrow.
The arrow closely misses Terence.
You shoot an arrow. The arrow barely misses Terence.
Terence closely misses you.
You shoot an arrow. The arrow closely misses Terence.
Terence hits you but does no damage. Terence shouts, "Now you die!"
Terence barely misses you.
You shoot an arrow. The arrow hits Terence.
Terence is lightly wounded.
Terence closely misses you.
You shoot an arrow.
The arrow hits Terence but does no damage.
Terence is lightly wounded.
Terence hits you with a +0 flail.
You shoot an arrow. The arrow hits Terence.
Terence is moderately wounded.
Terence hits you with a +0 flail!
You shoot an arrow. The arrow barely misses Terence.
Terence shouts, "DIE!!!"
Terence barely misses you.
You shoot an arrow. The arrow closely misses Terence.
Terence hits you with a +0 flail!
You die...

##### #...# #...#
###### #...####....#
# #...#...)...# #
####...#.##...)# #
#..............#####
#..@...####........+
#.@#...# +....#####
.....#.#.#
##....#....
#.###.#...#
#..>....... #
..#.### #.#..##..##
###+# #.#......##
#(.........
.....)#....
########....


You could see Terence.

Vanquished Creatures
  A worm (D:2)
  3 dart slugs (D:1)
  6 ball pythons
  3 endoplasms (D:1)
  4 giant cockroaches (D:1)
  6 goblins
  6 hobgoblins
  10 jackals
  2 kobolds
  5 bats
  2 frilled lizards
  5 rats (D:1)
53 creatures vanquished.

Notes
Turn   | Place    | Note
-------+----------+-------------------------------------------
     0 | D:1      | qw the Deep Elf Hunter began the quest for the Orb.
     0 | D:1      | Reached XP level 1. HP: 12/12 MP: 3/3
     0 | D:1      | 0 ||| qw: Version: 0.3-a-9-g12657ce
     0 | D:1      | 0 ||| qw: Game counter: 2712
     0 | D:1      | 0 ||| qw: Always use a shield: true
     0 | D:1      | 0 ||| qw: God list: Okawaru
     0 | D:1      | 0 ||| qw: Allow faded altars: false
     0 | D:1      | 0 ||| qw: Do Orc after D:15 true
     0 | D:1      | 0 ||| qw: Do second Lair branch before Depths: true
     0 | D:1      | 0 ||| qw: Lair rune preference: random
     0 | D:1      | 0 ||| qw: Plans: Normal
     0 | D:1      | 0 ||| PLANNING D:1-11
    60 | D:1      | 60 ||| FLEEEEING.
    61 | D:1      | 61 ||| FLEEEEING.
    91 | D:1      | 91 ||| FLEEEEING.
    92 | D:1      | 92 ||| FLEEEEING.
   124 | D:1      | Reached XP level 2. HP: 16/16 MP: 4/4
   131 | D:1      | Reached skill level 6 in Ranged Weapons
   165 | D:1      | Found a faded altar of an unknown god.
   407 | D:1      | Reached XP level 3. HP: 20/20 MP: 5/5
   599 | D:1      | Reached skill level 7 in Ranged Weapons
   794 | D:1      | 794 ||| UPGRADING to +0 ring mail.
   804 | D:1      | 804 ||| DROPPING +0 leather armour.
   805 | D:1      | 805 ||| UPGRADING to +0 pair of boots.
   810 | D:1      | 810 ||| UPGRADING to +0 helmet.
   815 | D:1      | 815 ||| READING scroll labelled ALAHAD UCKOSCH.
   816 | D:1      | 816 ||| READING scroll labelled KISAARHUBOSA.
   817 | D:1      | 817 ||| READING 2 scrolls labelled OWUSOMUQASS.
   820 | D:1      | 820 ||| DRINKING 2 glowing dark potions.
   821 | D:1      | 821 ||| DROPPING scroll of butterflies.
   822 | D:1      | 822 ||| DROPPING potion of magic.
   985 | D:2      | Reached XP level 4. HP: 25/25 MP: 6/6
  1008 | D:2      | Noticed Terence
  1016 | D:2      | Slain by Terence

Levels and vault maps discovered:
D:1:      saegor_arrival_miasma, layout_basic,
          hellmonk_ecumenical_altar_defaced_shrine
D:2:      layout_basic, basic_altar, uniq_terence, uniq_robin, uniq_jessica

Skill      XL: |  1  2  3 |
---------------+----------+-----
Ranged Weapons | 6 7 |  7.4
Fighting       | |  1.5
Dodging        | |  2.4
Stealth        | |  1.2

Action                     |  1- 3 |  4- 6 || total
---------------------------+-------+-------++-------
   Fire: Shortbow          |   148 |    10 ||   158
    Use: Scroll            |     3 |       ||     3
         Potion            |     1 |       ||     1
 Armour: Leather armour    |    10 |       ||    10
         Ring mail         |     5 |     1 ||     6
  Dodge: Dodged            |    21 |     4 ||    25

Table legend:
 A = Non-vault XP
 B = Vault XP
 C = Vault XP percentage of total XP
 D = Non-vault monster count
 E = Vault monster count
 F = Vault count percentage of total count
                 A         B        C        D         E       F
            +---------+---------+-------+---------+---------+-------
      Total |      91 |       9 |   9.0 |      49 |       4 |   7.5
            +---------+---------+-------+---------+---------+-------
        D:1 |      64 |       9 |  12.3 |      34 |       4 |  10.5
        D:2 |      27 |       0 |   0.0 |      15 |       0 |   0.0
            +---------+---------+-------+---------+---------+-------
